 Dungeon Crawl Stone Soup version 0.28.0-45-g0d030f2227 (webtiles) character file.

Game seed: 17157742023389059055

68 Kziril the Covered (level 4, 0/29 HPs)
             Began as a Gargoyle Fighter on Apr 21, 2022.
             Slain by Natasha (2 damage)
             ... on level 2 of the Dungeon.
             The game lasted 00:02:30 (1149 turns).

Kziril the Covered (Gargoyle Fighter)               Turns: 1149, Time: 00:02:30

Health: 0/29       AC: 15    Str: 19    XL:     4   Next: 19%
Magic:  4/4        EV:  5    Int:  9    God:
Gold:   23         SH:  4    Dex: 11    Spells: 3/3 levels left

rFire   . . .      SeeInvis .   a - +0 flail
rCold   . . .      Faith    .   c - +0 buckler
rNeg    + . .      Spirit   .   f - +0 plate armour
rPois   ∞          Reflect  .   (no helmet)
rElec   +          Harm     .   (no cloak)
rCorr   .          Rampage  .   (no gloves)
Will    .....                   (no boots)
Stlth   ..........              (no amulet)
HPRegen 0.09/turn               (no ring)
MPRegen 0.09/turn               (no ring)

@: no status effects
A: sickness immunity, AC +3, negative energy resistance 1, electricity
resistance, torment resistance 1, petrification resistance
a: no special abilities


You were on level 2 of the Dungeon.
You visited 1 branch of the dungeon, and saw 2 of its levels.

You collected 23 gold pieces.

Inventory:

Hand Weapons
 a - a +0 flail (weapon)
Armour
 c - a +0 buckler (worn)
 f - a +0 plate armour (worn)
Jewellery
 h - a +4 ring of evasion
 m - the ring of Bataa {Fire rPois Dex+2 Stlth+}
   (You found it on level 2 of the Dungeon)

   [ring of fire]

   It enhances your fire magic.
   Dex:       It affects your dexterity (+2).
   rF:        It protects you from fire.
   rC:        It makes you vulnerable to cold.
   rPois:     It protects you from poison.
   Stlth:     It makes you more stealthy.
Scrolls
 b - a scroll of vulnerability {unknown}
 e - a scroll of fear {unknown}
 g - a scroll of immolation {unknown}
 i - a scroll of identify {unknown}
 j - a scroll of teleportation {unknown}
 k - a scroll of noise {unknown}
Potions
 d - a potion of might
 l - a potion of curing {unknown}


   Skills:
 + Level 3.9 Fighting
 + Level 2.7 Maces & Flails
 + Level 4.0 Armour
 + Level 3.8 Shields


You had 3 spell levels left.
You didn't know any spells.
Your spell library contained the following spells:

 Spells                   Type           Power      Damage    Failure   Level
 Animate Skeleton         Necr           0%         N/A       100%        1
 Apportation              Tloc           0%         N/A       100%        1
 Summon Small Mammal      Summ           0%         N/A       100%        1


Dungeon Overview and Level Annotations

Branches:
Dungeon (2/15)

Altars:

Annotations:
D:2 Natasha, Sigmund


Innate Abilities, Weirdness & Mutations

You are immune to sickness and miasma.
Your stone body is resilient. (AC +3)
You are immune to poison.
You resist negative energy. (rN+)
You are resistant to electric shocks. (rElec)
You are resistant to unholy torment.
You are immune to petrification.


Message History

Natasha claws you but does no damage.
The shadow imp hits you but does no damage.
You closely miss Natasha. Natasha claws you.
The shadow imp hits you but does no damage.
You barely miss Natasha. Natasha claws you.
* * * LOW HITPOINT WARNING * * *
The shadow imp hits you but does no damage.
You barely miss Natasha. Natasha claws you but does no damage.
The shadow imp hits you but does no damage.
Natasha claws you but does no damage.
You barely miss Natasha.
The shadow imp hits you but does no damage.
Natasha closely misses you. The shadow imp barely misses you.
You closely miss Natasha. Natasha claws you but does no damage.
The shadow imp shouts, "Decamp, thou qualling weather-bitten bum-bailey!"
You block the shadow imp's attack.
You completely miss Natasha. Natasha casts a spell at you.
The magic dart hits you but does no damage.
You block the shadow imp's attack. Natasha barely misses you.
You sock Natasha!
Natasha is almost dead.
The shadow imp gestures at you.
You barely resist. Natasha claws you.
* * * LOW HITPOINT WARNING * * *
The shadow imp hits you but does no damage.
You barely miss Natasha.
Natasha is almost dead.
Sigmund appears from thin air!
Reactivating autopickup.
Natasha claws you but does no damage. The shadow imp barely misses you.
You barely miss Natasha.
Natasha is almost dead.
Natasha stares at you and mumbles some strange words.
The magic dart hits you but does no damage.
You block the shadow imp's attack.
You barely miss Natasha.
Natasha is almost dead.
Natasha claws you.
You die...

#$..... #....# #.§..#
#.# #############.#
####...........5.#
#.......####...###
#.#####5####5..####.##
#.# #@##............
#.# #.hw.......##.##
#.# #.##.......#
#.#####.####...###
#.......# #...#
####.##.# ##### #.##.#
#.##.# #.##.#


You could see a worm, Natasha and a shadow imp (summoned).

Vanquished Creatures
  Natasha (D:2)
  2 dart slugs (D:1)
  7 bats
  4 endoplasms
  4 goblins (D:1)
  4 hobgoblins (D:1)
  4 kobolds
  4 ball pythons (D:1)
  2 frilled lizards (D:1)
  8 rats
40 creatures vanquished.

Notes
Turn   | Place    | Note
-------+----------+-------------------------------------------
     0 | D:1      | Kziril the Gargoyle Fighter began the quest for the Orb.
     0 | D:1      | Reached XP level 1. HP: 14/14 MP: 1/1
    26 | D:1      | Found a faded altar of an unknown god.
   206 | D:1      | Reached XP level 2. HP: 19/19 MP: 2/2
   490 | D:1      | Reached XP level 3. HP: 22/23 MP: 3/3
  1017 | D:2      | Identified the ring of Bataa {Fire rPois Dex+2 Stlth+}
  1107 | D:2      | Noticed Natasha
  1109 | D:2      | Noticed Sigmund
  1115 | D:2      | Killed Natasha
  1116 | D:2      | Reached XP level 4. HP: 28/29 MP: 4/4
  1117 | D:2      | Noticed Natasha
  1129 | D:2      | Reached skill level 4 in Armour
  1149 | D:2      | Slain by Natasha

Illustrated notes

Levels and vault maps discovered:
D:1:      dpeg_arrival_lava_altar, layout_basic, ebering_ecumenical_altar_hall
D:2:      layout_loops_ring, chequers_decorated_corner, uniq_sigmund,
          uniq_natasha

Skill      XL: |  1  2  3  4 |
---------------+-------------+-----
Armour         | 4 |  4.0
Fighting       | |  3.9
Maces & Flails | |  2.7
Shields        | |  3.8

Action                   |  1- 3 |  4- 6 || total
-------------------------+-------+-------++-------
Melee: Flail             |   126 |    17 ||   143
Armor: Plate armour      |   121 |    24 ||   145
       Scale mail        |     2 |       ||     2
Dodge: Dodged            |    49 |     9 ||    58
Block: Buckler           |    45 |     3 ||    48
